 Dungeon Crawl Stone Soup version 0.17.0-23-g0de4337 (webtiles) character file.

870 dysrexia the Covert (level 7, -2/46 HPs)
             Began as a Vampire Enchanter on Nov 14, 2015.
             Slain by an orc wizard
             ... wielding a +2 dagger of venom
              (5 damage)
             ... on level 5 of the Dungeon.
             The game lasted 00:16:05 (4961 turns).

dysrexia the Covert (Vampire Enchanter)             Turns: 4961, Time: 00:16:06

Health: -2/46      AC:  4    Str:  7    XL:     7   Next: 73%
Magic:  1/10       EV: 13    Int: 18    God:
Gold:   295        SH:  0    Dex: 16    Spells: 2 memorised, 7 levels left

rFire  . . .     SeeInvis +     r - +2 short sword (vamp)
rCold  + . .     Clarity  .     b - +2 robe
rNeg   + + .     SustAt   .     (no shield)
rPois  +         Gourm    .     (no helmet)
rElec  .         Spirit   .     (no cloak)
rCorr  .         Warding  .     (no gloves)
rMut   .         Stasis   .     (no boots)
MR     .....                    (no amulet)
Stlth  +++++.....               (no ring)
                                e - ring of wizardry

@: regenerating slowly, not resistant to hostile enchantments, quite stealthy
A: fangs 3, see invisible, unbreathing
a: Bat Form


You were on level 5 of the Dungeon.
You were very thirsty.

You visited 1 branch of the dungeon, and saw 5 of its levels.

You collected 295 gold pieces.

Inventory:

Hand Weapons
 a - a +1 dagger
 j - a +0 blowgun
 r - a +2 vampiric short sword (weapon)
Missiles
 g - 4 curare-tipped needles
 q - 128 stones (quivered)
 w - 29 poisoned needles
Armour
 b - a +2 robe (worn)
 A - the +3 helmet of Trog's Envy {*Corrode +Fly rN++ Str+2}
   (You found it on level 4 of the Dungeon)

   It affects your strength (+2).
   It greatly protects you from negative energy.
   It lets you fly.
   It may corrode your equipment when you take damage.
Jewellery
 e - a ring of wizardry (left hand)
 n - an uncursed ring of positive energy
Scrolls
 i - a scroll of enchant armour
 l - a scroll of magic mapping
 o - 2 scrolls of enchant weapon
 u - 2 scrolls of teleportation
 v - a scroll of remove curse
 x - a scroll of identify
Potions
 d - 17 potions of blood
 f - 2 potions of magic
 h - a potion of ambrosia {unknown}
 k - a potion of curing
 m - a potion of agility {unknown}
 p - a potion of cancellation {unknown}
 s - 2 potions of heal wounds {unknown}
 t - a potion of brilliance {unknown}
 B - a potion of degeneration {unknown}
 C - a potion of might {unknown}
Books
 c - a book of Maledictions

   Spells                             Type                      Level
   a - Corona                         Hexes                        1
   b - Ensorcelled Hibernation        Hexes/Ice                    2
   c - Confuse                        Hexes                        3
   d - Tukima's Dance                 Hexes                        3
   e - Dazzling Spray                 Conjuration/Hexes            3
 z - a book of the Warp

   Spells                             Type                      Level
   a - Recall                         Summoning/Translocation      3
   b - Gell's Gravitas                Hexes/Translocation          3
   c - Force Lance                    Conjuration/Translocation    4
   d - Phase Shift                    Translocation                5
   e - Warp Weapon                    Charms/Translocation         5
   f - Summon Forest                  Summoning/Translocation      5


   Skills:
 * Level 6.3 Short Blades
 + Level 2.9 Dodging
 + Level 8.4 Stealth
 - Level 2.0 Spellcasting
 + Level 6.4 Hexes
 - Level 2.6 Ice Magic


You had 7 spell levels left.
You knew the following spells:

 Your Spells              Type           Power        Failure   Level  Hunger
a - Corona                Hex            ###....      1%          1    #......
b - Ensorcelled Hibernat  Hex/Ice        ###...       1%          2    ###....


Dungeon Overview and Level Annotations

Branches:
Dungeon (5/15)
 Temple: D:4-7

Altars:
Kikubaaqudgha
Qazlal
Ru


Innate Abilities, Weirdness & Mutations

You heal slowly.
You have razor-sharp teeth.
You have supernaturally acute eyesight.
You can survive without breathing.


Message History

You closely miss the orc wizard.
The orc wizard is lightly wounded.
* * * LOW HITPOINT WARNING * * *
You feel sick. The orc wizard closely misses you.
You hit the orc wizard but do no damage.
The orc wizard is lightly wounded.
* * * LOW HITPOINT WARNING * * *
You feel sick. The orc wizard casts a spell at you. The magic dart hits you!
* * * LOW HITPOINT WARNING * * *
Drink which item? (? for menu, Esc to quit)
You feel better.
The orc wizard hits you but does no damage.
You closely miss the orc wizard. Your bite misses the orc wizard.
The orc wizard is lightly wounded.
The orc wizard hits you with a dagger of venom.
* * * LOW HITPOINT WARNING * * *
The orc wizard hits you with a dagger of venom.
You die...

...# #.#.# #.............#.##
..######.#######.............#.#
...............#.............#.#
..........#....##..........%.#.#
...####...+..................#..
...#..#...#...###....###.#######
#..'..#...#...# #....# #.#
#..####...#...###o...# #.#
'.............))@....# #.#
#............(.##(...###.#
#..##'#.....##(###.##....#####
...#..#.#...##.###(##........#
.⌠.#..#.#.###........((co....#
...#..#.#...'.....######.....#
..#####.#.###.....# #.#.### .
..#).#..#.# #.....# #.#(###...
..'÷.#..#.#
#######.####o#(......


You could see an orc wizard.

Vanquished Creatures
  Sigmund (D:2)
  A centaur (D:5)
  A crimson imp (D:5)
  3 hounds
  A centaur skeleton (D:4)
  2 orc priests
  6 worker ants (D:4)
  2 iguanas
  2 orc wizards
  4 adders
  A gnoll (D:1)
  4 oozes
  2 worms
  4 giant geckos
  16 orcs
  A ball python (D:1)
  5 bats
  4 giant cockroaches
  10 goblins
  7 hobgoblins
  3 kobolds
  A giant gecko skeleton (D:4)
  2 giant newts
  8 jackals
  3 rats (D:1)
94 creatures vanquished.

Notes
Turn   | Place    | Note
--------------------------------------------------------------
     0 | D:1      | dysrexia the Vampire Enchanter began the quest for the Orb.
     0 | D:1      | Reached XP level 1. HP: 13/13 MP: 3/3
   658 | D:1      | Reached XP level 2. HP: 19/19 MP: 5/5
   739 | D:1      | Reached skill level 5 in Hexes
   979 | D:1      | Reached skill level 5 in Stealth
  1022 | D:1      | Learned a level 2 spell: Ensorcelled Hibernation
  1055 | D:1      | Reached XP level 3. HP: 6/24 MP: 0/6
  1899 | D:2      | Noticed Sigmund
  1926 | D:2      | Killed Sigmund
  1926 | D:2      | Reached skill level 6 in Stealth
  1926 | D:2      | Reached XP level 4. HP: 18/30 MP: 2/7
  1926 | D:2      | Reached XP level 5. HP: 21/35 MP: 2/8
  2236 | D:2      | Found an ancient bone altar of Kikubaaqudgha.
  2409 | D:2      | Found a sacrificial altar of Ru.
  3225 | D:3      | Reached XP level 6. HP: 41/41 MP: 3/9
  3248 | D:3      | Found a stormy altar of Qazlal.
  3420 | D:3      | Reached skill level 7 in Stealth
  4052 | D:4      | Got a transparent helmet
  4058 | D:4      | Identified the +3 helmet of Trog's Envy {*Corrode +Fly rN++ Str+2} (You found it on level 4 of the Dungeon)
  4118 | D:4      | Reached skill level 5 in Short Blades
  4153 | D:4      | Reached XP level 7. HP: 46/46 MP: 10/10
  4562 | D:5      | Entered Level 5 of the Dungeon
  4603 | D:5      | Reached skill level 8 in Stealth
  4961 | D:5      | Slain by an orc wizard

Action                   |  1- 3 |  4- 6 |  7- 9 || total
-------------------------+-------+-------+-------++-------
Melee: Dagger            |    86 |    16 |       ||   102
       Short sword       |       |   117 |    77 ||   194
Throw: Stone             |       |     1 |       ||     1
 Cast: Ensorcelled Hiber |     4 |    13 |    11 ||    28
       Corona            |     1 |       |       ||     1
  Use: Scroll            |       |     5 |     4 ||     9
       Potion            |       |     4 |     2 ||     6
 Stab: Sleeping          |     5 |    27 |    11 ||    43
